 Dungeon Crawl Stone Soup version 0.28-a0-245-g639a1a48b9 (webtiles) character file.

Game seed: 3297360787406657168

1855 Spaninq the Insei (level 8, -5/69 HPs)
             Began as a Pale Draconian Transmuter on Aug 25, 2021.
             Was a Follower of Sif Muna.
             Slain by a gnoll sergeant (10 damage)
             ... on level 8 of the Dungeon.
             The game lasted 00:17:19 (4440 turns).

Spaninq the Insei (Pale Draconian Transmuter)       Turns: 4440, Time: 00:17:20

Health: -5/69      AC:  6    Str: 12    XL:     8   Next: 89%
Magic:  13/13      EV: 13    Int: 15    God:    Sif Muna [*.....]
Gold:   470        SH:  0    Dex: 13    Spells: 11/14 levels left

rFire   + . .      SeeInvis +     - Unarmed
rCold   . . .      Faith    .   (no shield)
rNeg    . . .      Spirit   .   (armour unavailable)
rPois   .          Reflect  .   (helmet restricted)
rElec   .          Harm     .   (no cloak)
rCorr   .          Rampage  .   (no gloves)
Will    .....                   (no boots)
Stlth   +.........              k - amulet of regeneration
HPRegen 1.21/turn               l - ring of protection from fire
MPRegen 0.13/turn               z - ring of see invisible

@: short of breath
A: breathe steam, AC +6, unfitting armour, cold-blooded, steam resistance
a: Breathe Steam, Renounce Religion, Channel Magic


You were on level 8 of the Dungeon.
You worshipped Sif Muna.
Sif Muna was aware of your devotion.
You visited 1 branch of the dungeon, and saw 7 of its levels.
You also visited: Ossuary.

You collected 470 gold pieces.

Inventory:

Hand Weapons
 d - a +1 hand axe
 r - a +1 flail of holy wrath
Magical Staves
 A - a staff of conjuration
Jewellery
 i - a ring of protection from fire
 k - an amulet of regeneration (around neck)
 l - a ring of protection from fire (left hand)
 z - a ring of see invisible (right hand)
Wands
 n - a wand of acid (7)
 u - a wand of polymorph (7)
 v - a wand of digging (2)
Scrolls
 b - 3 scrolls of enchant weapon
 c - 4 scrolls of enchant armour
 g - a scroll of amnesia
 p - a scroll of silence {unknown}
 q - a scroll of brand weapon {unknown}
 s - a scroll of fear
 x - a scroll of teleportation
 y - 3 scrolls of identify
Potions
 a - 2 potions of curing {unknown}
 e - 5 potions of heal wounds {unknown}
 f - 4 potions of degeneration {unknown}
 h - 6 potions of lignification
 j - 3 potions of haste {unknown}
 m - a potion of might {unknown}
 o - 2 potions of flight {unknown}
 t - a potion of resistance {unknown}
 w - a potion of attraction {unknown}


   Skills:
 + Level 5.4 Fighting
 + Level 4.8 Dodging
 * Level 7.7 Unarmed Combat
 + Level 3.5 Spellcasting
 * Level 4.9 Transmutations


You had 11 spell levels left.
You knew the following spells:

 Your Spells              Type           Power      Damage    Failure   Level
a - Beastly Appendage     Tmut           34%        N/A       2%          1
b - Wereblood             Tmut           17%        N/A       3%          2

Your spell library contained the following spells:

 Spells                   Type           Power      Damage    Failure   Level
 Foxfire                  Conj/Fire      8%         2x1d4     19%         1
 Spider Form              Tmut/Pois      5%         N/A       21%         3
 Conjure Flame            Conj/Fire      2%         6-21      50%         3
 Inner Flame              Hex/Fire       2%         N/A       50%         3
 Tukima's Dance           Hex            2%         N/A       50%         3
 Ice Form                 Ice/Tmut       10%        N/A       56%         4
 Passage of Golubria      Tloc           N/A        N/A       88%         4
 Yara's Violent Unravell  Hex/Tmut       5%         3d4       88%         5


Dungeon Overview and Level Annotations

Branches:
Dungeon (6/15)             Temple (0/1) D:6         Ossuary (visited)

Altars:
Dithmenos
Makhleb
Sif Muna
Trog
Vehumet

Shops:
D:4 *


Innate Abilities, Weirdness & Mutations

You can breathe blasts of scalding, opaque steam.
Your pale cyan-grey scales are hard. (AC +6)
You cannot fit into any form of body armour.
You are cold-blooded and may be slowed by cold attacks.
You are immune to the effects of steam.


Message History

* * * LOW HITPOINT WARNING * * *
You see here a +0 leather armour.
You have got your breath back.
Your transformation is almost over.
A gnoll and a gnoll sergeant come into view.
The gnoll sergeant is wielding a +0 trident and wearing a +0 ring mail of poison resistance.
The gnoll sergeant shouts!
You hear a shout! x2
A gnoll comes into view. It is wielding a +0 spear. x2
A gnoll comes into view. It is wielding a +0 club.
The gnoll shouts! x2
Press: ? - help, Shift-Dir - straight line, f - gnoll
Aim: a gnoll, wielding a +0 spear You exhale a blast of scalding steam.
The ball of steam misses the gnoll sergeant.
Sif Muna accepts your kill.
You feel a bit more experienced.
The gnoll sergeant is engulfed in a cloud of scalding steam.
The gnoll sergeant barely misses you. Sif Muna accepts your kill.
You feel a bit more experienced. The gnoll sergeant barely misses you.
You hit the gnoll sergeant.
You headbutt the gnoll sergeant, but do no damage.
The gnoll sergeant is moderately wounded.
The orc warrior hits you with a +0 battleaxe!
The gnoll sergeant barely misses you.
You closely miss the gnoll sergeant. You tail-slap the gnoll sergeant.
The gnoll sergeant is moderately wounded.
Your horns disappear.
Your talons disappear.
The orc warrior hits you with a +0 battleaxe.
* * * LOW HITPOINT WARNING * * *
The gnoll sergeant hits you with a +0 trident!
* * * LOW HITPOINT WARNING * * *
A gnoll comes into view. It is wielding a +0 whip.
The gnoll shouts!
You hit the gnoll sergeant but do no damage.
The gnoll sergeant is moderately wounded.
The orc warrior barely misses you.
The gnoll sergeant hits you with a +0 trident!
You die...

##..######.##.#
#>#######
#..)...##.##)##
#........
#.####)##.##..## #...#
#.####....###).####.###
..........(..........#
##.#######...###...###
... #.#.# ###.# # .#
#.#.#####g... .
#.#.o@g§g###..
#.######§g.. .. ..# ##
. . ...


You could see an orc warrior, a gnoll sergeant and 3 gnolls.

Vanquished Creatures
  Grinder (D:4)
  Sigmund (D:5)
  An ice beast (D:5)
  A necrophage (D:5)
  2 ogres (D:5)
  2 kobold brigands (D:6)
  A bullfrog (D:6)
  2 scorpions
  2 howler monkeys (D:6)
  A centaur zombie (D:5)
  5 hounds
  An orc priest (D:8)
  A centaur skeleton (D:5)
  2 iguanas (D:3)
  3 orc wizards
  A killer bee zombie (D:6)
  2 hound skeletons (D:4)
  8 mummies (Ossuary)
  5 gnolls
  8 adders
  2 adder zombies (D:5)
  2 dart slugs (D:2)
  2 worms
  11 orcs
  5 ball pythons
  7 endoplasms
  4 giant cockroaches
  8 goblins
  7 hobgoblins
  A jackal (D:5)
  12 kobolds
  A quokka (D:1)
  5 bats
  2 frilled lizards
  A gnoll zombie (Ossuary)
  3 hobgoblin zombies (Ossuary)
  2 kobold zombies (Ossuary)
  2 orc zombies (Ossuary)
  6 rats
  2 rat zombies (D:5)
135 creatures vanquished.

Vanquished Creatures (collateral kills)
  A killer bee zombie (D:5)
1 creature vanquished.

Grand Total: 136 creatures vanquished

Notes
Turn   | Place    | Note
-------+----------+-------------------------------------------
     0 | D:1      | Spaninq the Draconian Transmuter began the quest for the
                  | Orb.
     0 | D:1      | Reached XP level 1. HP: 16/16 MP: 3/3
    86 | D:1      | Reached XP level 2. HP: 21/23 MP: 3/5
    89 | D:1      | Learned a level 2 spell: Wereblood
   782 | D:2      | Reached XP level 3. HP: 29/29 MP: 2/6
  1309 | D:2      | Reached skill level 4 in Unarmed Combat
  1542 | D:3      | Reached XP level 4. HP: 33/36 MP: 5/7
  1848 | D:3      | Found a shadowy altar of Dithmenos.
  1853 | D:3      | Reached XP level 5. HP: 16/42 MP: 5/8
  2171 | D:3      | Found a faded altar of an unknown god.
  2188 | D:3      | Found a bloodstained altar of Trog.
  2362 | D:3      | Found a radiant altar of Vehumet.
  2675 | D:4      | Found Reaffaublo's Elemental Accessories.
  2694 | D:4      | Reached skill level 5 in Unarmed Combat
  2826 | D:4      | Reached XP level 6. HP: 48/51 MP: 9/9
  3056 | D:4      | Found a shimmering blue altar of Sif Muna.
  3056 | D:4      | Noticed Grinder
  3080 | D:4      | Killed Grinder
  3081 | D:4      | Reached skill level 6 in Unarmed Combat
  3081 | D:4      | Your scales start taking on a pale cyan-grey colour.
  3081 | D:4      | Reached XP level 7. HP: 59/59 MP: 7/10
  3081 | D:4      | Gained mutation: You are immune to the effects of steam.
                  | [Pale Draconian growth]
  3087 | D:4      | Became a worshipper of Sif Muna the Loreminder
  3306 | D:5      | Entered Level 5 of the Dungeon
  3395 | D:5      | Found a sand-covered staircase.
  3406 | Ossuary  | Entered an ossuary
  3488 | Ossuary  | Reached * piety under Sif Muna
  3742 | D:5      | Noticed Sigmund
  3756 | D:5      | Found a burning altar of Makhleb.
  3758 | D:5      | Killed Sigmund
  3759 | D:5      | Reached XP level 8. HP: 67/67 MP: 10/12
  3871 | D:5      | Reached skill level 7 in Unarmed Combat
  3948 | D:5      | Reached skill level 5 in Fighting
  4342 | D:6      | Found a staircase to the Ecumenical Temple.
  4343 | D:6      | You fall into a shaft and drop 2 floors!
  4440 | D:8      | Slain by a gnoll sergeant

Illustrated notes

Levels and vault maps discovered:
D:1:      minmay_arrival_stair_chambers, layout_basic, patterned_corridor
D:2:      layout_loops_ring
D:3:      layout_loops_corners, mainiacjoe_overflow_catwalk,
          mainiacjoe_overflow_alcove_1, old_standard_altar,
          basic_ecumenical_altar
D:4:      layout_cave_pools, mainiacjoe_overflow_chevrons,
          nicolae_elemental_shop, uniq_grinder
D:5:      minmay_angry_zag, layout_cave_pools, bloody_makhleb, enter_ossuary_4,
          uniq_sigmund
D:6:      layout_rooms, minmay_temple_entry_large_hall
D:8:      layout_rooms, mainiacjoe_overflow_surrounded_room

Skill      XL: |  1  2  3  4  5  6  7  8 |
---------------+-------------------------+-----
Dodging        | 2 3 4 |  4.8
Fighting       | 2 3 4 5 |  5.4
Unarmed Combat | 4 5 6 7 |  7.7
Transmutations | 3 4 |  4.9
Spellcasting   | 3 |  3.5

Action                   |  1- 3 |  4- 6 |  7- 9 || total
-------------------------+-------+-------+-------++-------
Melee: Unarmed           |    91 |   129 |    62 ||   282
       Kick              |    20 |    19 |    10 ||    49
       Tailslap          |     8 |    11 |     6 ||    25
       Headbutt          |     9 |    19 |     9 ||    37
       Punch             |     1 |     2 |     6 ||     9
       Flail             |       |       |     9 ||     9
 Cast: Beastly Appendage |    27 |    24 |    14 ||    65
       Wereblood         |       |     5 |     2 ||     7
 Abil: Breathe Steam     |       |       |    30 ||    30
Evoke: Wand              |       |     2 |       ||     2
  Use: Scroll            |       |       |    10 ||    10
 Stab: Sleeping          |     1 |     1 |       ||     2
Armor: Skin              |    29 |    34 |    13 ||    76
Dodge: Dodged            |    74 |    79 |    53 ||   206

Table legend: (Time is in decaauts)
 A = Elapsed time spent in this place.
 B = Non-inter-level travel time spent in this place.
 C = Inter-level travel time spent in this place.
 D = Time resting spent in this place.
 E = Time spent auto-exploring this place.
 F = Levels seen in this place.
 G = Mean time per level.
                   A        B        C        D        E       F      G
               +--------+--------+--------+--------+--------+-----+--------+
         Total |   4413 |   4267 |    146 |    165 |   2804 |   8 |  551.6 |
       Dungeon |   4177 |   4031 |    146 |    156 |   2757 |   7 |  596.7 |
       Ossuary |    236 |    236 |      0 |      9 |     47 |   1 |  236.0 |
               +--------+--------+--------+--------+--------+-----+--------+

Top non-repeatable levels by time:
     D:3: 1240 daAuts
     D:2: 794 daAuts
     D:1: 653 daAuts
     D:5: 605 daAuts
     D:4: 601 daAuts
 Ossuary: 236 daAuts
     D:6: 188 daAuts
     D:8: 94 daAuts
